Map: Ever Dream LE

Players

Nicouz

  • Race: Zerg Zerg
  • League: Gold
  • Spawn Location: 1:00

BEASTMODE - Winner!

  • Race: Protoss Protoss
  • Spawn Location: 7:00

VOD

Have the link to the VOD?

Description

Time

  • Played on: Aug. 4, 2020, 5:31 p.m.
  • Length: 17:36
Show
View Real Time Build Order
Export as new Build Order

Nicouz Zerg 

Build Orders: Pool First 

Get SALT Encoding   

  12  0:04  Drone  
  13  0:12  Drone  
  14  0:20  Extractor  
  13  0:21  Extractor  
  13  0:22  Drone x2  
  16  0:54  Spawning Pool  
  15  0:57  Extractor  
  14  1:16  Overlord  
  14  1:17  Hatchery  
  13  1:25  Drone  
  14  1:42  Zergling x2  
  14  1:43  Zergling x4  
  14  1:44  Queen  
  19  1:54  Drone  
  20  2:04  Roach Warren  
  20  2:07  Zergling x2  
  20  2:17  Drone  
  22  2:58  Zergling x2  
  22  3:05  Queen  
  22  3:07  Zergling x2  
  22  3:09  Zergling x4  
  16  3:14  Roach  
  16  3:15  Roach  
  11  3:28  Roach  
  13  3:41  Zergling x2  
  13  3:42  Zergling x2  
  10  4:00  Zergling x2  
  11  4:07  Drone  
  12  4:16  Queen  
  14  4:31  Drone x2  
  15  4:41  Drone x2  
  17  5:01  Drone x2  
  19  5:18  Drone  
  20  5:22  Overlord  
  18  5:45  Zergling x6  
  18  5:47  Drone  
  21  6:08  Zergling x6  
  24  6:30  Zergling x2  
  24  6:31  Zergling x2  
  26  6:43  Zergling x2  
  23  7:02  Drone x2  
  25  7:19  Drone x3  
  25  7:21  Zergling x2  
  29  7:24  Hatchery  
  26  7:42  Drone x2  
  21  8:13  Drone x3  
  21  8:14  Drone x3  
  27  8:38  Queen  
  27  8:39  Drone  
  30  8:44  Metabolic Boost  
  30  8:53  Extractor, Drone  
  30  8:54  Drone x5  
  35  9:13  Overlord  
  35  9:14  Overlord  
  35  9:21  Baneling Nest  
  35  9:22  Drone, Overlord  
  35  9:23  Drone  
  36  9:32  Drone x3  
  39  9:40  Zergling x2  
  39  9:41  Zergling x4  
  42  10:00  Drone, Overlord  
  42  10:01  Overlord, Drone x3  
  42  10:02  Zergling x2  
  42  10:06  Zergling x6  
  50  10:31  Hatchery  
  49  10:35  Zergling x2  
  49  10:36  Zergling x16  
  58  10:57  Overlord x2  
  58  10:58  Zergling x2  
  58  10:59  Zergling x4  
  61  11:05  Zergling x4  
  61  11:06  Zergling x4  
  65  11:13  Baneling x9  
  65  11:14  Baneling x6  
  65  11:15  Baneling x8  
  65  11:16  Zergling x6  
  65  11:17  Zergling x2  
  69  11:22  Lair  
  69  11:25  Roach  
  71  11:30  Drone  
  71  11:31  Drone  
  71  11:32  Zergling x4  
  62  12:03  Zergling x18  
  62  12:04  Zergling x4  
  70  12:13  Zergling x4  
  70  12:14  Zergling x6  
  68  12:23  Spore Crawler  
  68  12:24  Spore Crawler  
  68  12:25  Drone  
  58  12:44  Drone x2  
  58  12:46  Zergling x14  
  58  12:47  Zergling x4  
  58  12:50  Roach x2  
  64  13:02  Zergling x10  
  67  13:13  Drone x3  
  70  13:23  Baneling x6  
  70  13:24  Baneling x2  
  70  13:39  Zergling x2  
  70  13:40  Zergling x32  
  75  14:04  Zergling x10  
  75  14:05  Zergling x12  
  73  15:03  Spore Crawler x2  
  73  15:06  Spore Crawler  
  67  15:07  Spore Crawler  
  66  15:16  Spore Crawler  
  66  15:18  Spore Crawler, Drone  
  66  15:19  Drone x8  
  68  15:37  Spawning Pool  
  63  15:43  Baneling  
  63  15:44  Baneling x9  
  63  15:45  Baneling x16  
  63  15:47  Overlord  
  63  15:48  Overlord x3  
  60  16:00  Spore Crawler  
  59  16:04  Hatchery  
  31  16:50  Hatchery  
Show
View Real Time Build Order
Export as new Build Order

BEASTMODE Protoss - Winner!

Build Orders: 1 Gate Expand 

Get SALT Encoding   

  12  0:08  Probe  
  13  0:15  Pylon  
  13  0:21  Probe  
  14  0:33  Probe  
  15  0:37  Gateway  
  15  0:46  Pylon  
  15  1:04  Probe  
  15  1:11  Forge  
  16  1:15  Pylon  
  16  1:33  Nexus  
  16  1:42  Zealot (Chrono Boost)  
  18  1:47  Pylon  
  18  2:01  Zealot (Chrono Boost)  
  18  2:06  Photon Cannon  
  20  2:16  Photon Cannon  
  19  2:25  Zealot (Chrono Boost)  
  21  2:38  Assimilator  
  21  2:49  Zealot  
  22  2:58  Pylon  
  7  4:04  Probe (Chrono Boost)  
  8  4:13  Probe (Chrono Boost)  
  9  4:18  Probe (Chrono Boost)  
  8  4:47  Photon Cannon  
  8  4:53  Probe (Chrono Boost)  
  9  5:03  Probe (Chrono Boost)  
  10  5:08  Probe (Chrono Boost)  
  11  5:32  Photon Cannon  
  13  6:16  Zealot  
  13  6:18  Pylon  
  13  6:58  Probe (Chrono Boost)  
  14  7:05  Probe (Chrono Boost)  
  15  7:18  Probe (Chrono Boost)  
  16  7:24  Probe (Chrono Boost)  
  16  7:29  Pylon  
  12  8:03  Pylon  
  12  8:08  Probe  
  13  8:27  Probe (Chrono Boost), Cybernetics Core  
  14  8:38  Probe (Chrono Boost)  
  15  8:42  Probe (Chrono Boost)  
  16  8:53  Probe (Chrono Boost)  
  18  9:03  Probe (Chrono Boost)  
  18  9:08  Shield Battery  
  20  9:13  Probe  
  21  9:19  Adept  
  21  9:24  Assimilator  
  21  9:25  Probe  
  22  9:34  Stargate  
  22  9:42  Probe (Chrono Boost)  
  24  9:53  Probe (Chrono Boost)  
  24  10:08  Nexus  
  24  10:23  Void Ray (Chrono Boost)  
  26  10:38  Photon Cannon  
  26  10:43  Pylon  
  26  10:57  Void Ray (Chrono Boost)  
  30  11:07  Photon Cannon  
  30  11:19  Pylon  
  30  11:20  Probe  
  30  11:25  Shield Battery  
  31  11:30  Probe  
  32  11:33  Probe  
  33  11:59  Assimilator  
  33  12:04  Assimilator  
  31  12:17  Stargate  
  31  12:18  Stargate  
  31  12:23  Probe  
  32  12:41  Pylon  
  32  12:46  Pylon  
  32  12:50  Pylon  
  32  12:51  Forge  
  32  12:53  Pylon  
  32  13:01  Void Ray  
  36  13:17  Probe  
  36  13:19  Void Ray  
  37  13:26  Photon Cannon  
  41  13:34  Photon Cannon  
  41  13:39  Probe  
  42  13:47  Pylon  
  42  13:48  Pylon  
  41  13:57  Pylon  
  41  14:02  Void Ray  
  45  14:15  Photon Cannon  
  45  14:20  Photon Cannon  
  45  14:34  Void Ray  
  49  14:41  Probe  
  50  14:51  Gateway  
  50  15:12  Void Ray  
  54  15:17  Void Ray  
  58  15:34  Gateway  
  58  15:40  Pylon  
  56  16:31  Pylon x2  
  56  16:41  Pylon  
  56  16:44  Pylon  
  56  17:04  Gateway  
  56  17:06  Photon Cannon  
  56  17:08  Photon Cannon  
  56  17:10  Gateway  
  56  17:12  Pylon  
Tags
 
Add a new tag
Caveats
  • Supply blocks, unpowered buildings, or Contaminate may cause inaccurate times.
  • Supply counts are checked every 10 seconds.